 Dungeon Crawl Stone Soup version 0.27.1-1-g398f81649c (webtiles) character file.

Game seed: 16633575528735321192

457 MisterFreud the Shield-Bearer (level 7, -1/51 (59) HPs)
             Began as a Gnoll Fighter on Sept 6, 2021.
             Was a Priest of Nemelex Xobeh.
             Slain by Edmund (12 damage)
             ... on level 4 of the Dungeon.
             The game lasted 00:03:53 (3067 turns).

MisterFreud the Shield-Bearer (Gnoll Fighter)       Turns: 3067, Time: 00:03:54

HP:   -1/51 (59)    AC:  9    Str: 15    XL:     7   Next: 6%
MP:   10/10         EV:  8    Int: 10    God:    Nemelex Xobeh [***...]
Gold: 103           SH: 10    Dex: 11    Spells: 10/10 levels left

rFire    . . .     SeeInvis .   a - +0 rapier
rCold    . . .     Faith    .   c - +0 kite shield
rNeg     . . .     Spirit   .   b - +0 scale mail
rPois    .         Reflect  .   (no helmet)
rElec    .         Harm     .   (no cloak)
rCorr    .         Rampage  .   r - +0 pair of gloves
Will     .....                  (no boots)
Stlth    ..........             (no amulet)
HPRegen  0.17/turn              (no ring)
MPRegen  0.12/turn              (no ring)

@: brilliant, heavily drained
A: fangs 1, strong nose, distributed training
a: Renounce Religion, Draw Escape, Draw Destruction, Draw Summoning, Triple Draw


You were on level 4 of the Dungeon.
You worshipped Nemelex Xobeh.
Nemelex Xobeh was most pleased with you.
You visited 1 branch of the dungeon, and saw 4 of its levels.

You collected 103 gold pieces.

Inventory:

Hand Weapons
 a - a +0 rapier (weapon)
Missiles
 m - 5 javelins (quivered)
Armour
 b - a +0 scale mail (worn)
 c - a +0 kite shield (worn)
 r - a +0 pair of gloves (worn)
Wands
 p - a wand of flame (14)
Scrolls
 e - a scroll of magic mapping {unknown}
 f - a scroll of noise {unknown}
 g - 2 scrolls of enchant weapon {unknown}
 h - a scroll of immolation {unknown}
 i - 3 scrolls of teleportation {unknown}
 k - a scroll of blinking {unknown}
 t - a scroll of identify {unknown}
Potions
 d - a potion of might
 j - 2 potions of brilliance
 l - a potion of heal wounds {unknown}
 n - a potion of curing {unknown}
 o - a potion of degeneration {unknown}
 q - a potion of mutation {unknown}
 s - a potion of ambrosia {unknown}


   Skills:
 + Level 6.9 Fighting
 + Level 5.1 Short Blades
 + Level 2.2 Long Blades
 + Level 2.2 Axes
 + Level 2.2 Maces & Flails
 + Level 2.2 Polearms
 + Level 2.2 Staves
 + Level 2.2 Slings
 + Level 2.2 Bows
 + Level 2.2 Crossbows
 + Level 2.2 Throwing
 + Level 6.9 Armour
 + Level 2.2 Dodging
 + Level 2.2 Stealth
 + Level 6.9 Shields
 + Level 2.2 Unarmed Combat
 + Level 2.2 Spellcasting
 + Level 1.8 Conjurations
 + Level 1.8 Hexes
 + Level 1.8 Summonings
 + Level 1.8 Necromancy
 + Level 1.8 Translocations
 + Level 1.8 Transmutations
 + Level 1.8 Fire Magic
 + Level 1.8 Ice Magic
 + Level 1.8 Air Magic
 + Level 1.8 Earth Magic
 + Level 1.8 Poison Magic
 + Level 2.5 Invocations
 + Level 2.2 Evocations


You had 10 spell levels left.
You didn't know any spells.
Your spell library contained the following spells:

 Spells                   Type           Power      Damage    Failure   Level
 Sublimation of Blood     Necr           3%         N/A       91%         2
 Summon Guardian Golem    Hex/Summ       7%         N/A       99%         3
 Petrify                  Tmut/Erth      7%         N/A       100%        4
 Irradiate                Conj/Tmut      3%         3d14      100%        5
 Orb of Destruction       Conj           3%         9d1       100%        7
 Spellforged Servitor     Conj/Summ      3%         N/A       100%        7


Dungeon Overview and Level Annotations

Branches:
Dungeon (4/15)
 Temple: D:4-7

Altars:
Nemelex Xobeh

Annotations:
D:4 Edmund


Innate Abilities, Weirdness & Mutations

You have very sharp teeth.
Your uncanny sense of smell can sniff out nearby items.
Your experience applies equally to all skills.


Message History

You puncture Edmund! Your bite misses Edmund.
Edmund is severely wounded.
You block Edmund's attack. x2
Your shield and scale mail prevent you from hitting Edmund.
Edmund is severely wounded.
Edmund hits you with a +2 dire flail of draining!
You feel drained.
You are too injured to fight recklessly!
Your scale mail prevents you from hitting Edmund.
Edmund is severely wounded.
Edmund hits you with a +2 dire flail of draining!
* * * LOW HITPOINT WARNING * * *
You feel drained.
* * * LOW HITPOINT WARNING * * *
You are too injured to fight recklessly!
You hit Edmund but do no damage.
Edmund is severely wounded.
The centaur zombie hits the withered plant.
The withered plant begins to crumble.
The centaur zombie kicks the withered plant.
You block Edmund's attack.
You are too injured to fight recklessly!
It was a potion of brilliance.
You feel clever all of a sudden.
The centaur zombie hits the withered plant.
The centaur zombie kicks the withered plant.
Edmund hits you with a +2 dire flail of draining.
* * * LOW HITPOINT WARNING * * *
You feel drained.
The centaur zombie hits the withered plant.
The centaur zombie kicks the withered plant.
Okay, then.
You hit Edmund but do no damage.
Edmund is severely wounded.
A hound zombie comes into view.
The centaur zombie hits the withered plant.
The centaur zombie kicks the withered plant.
Edmund hits you with a +2 dire flail of draining!
You die...
Your body glows slightly and disappears.

#.##.#.## #.##.#.#
#......# ####.###
#.# #####
#)###......
#...(....#
#.#######..##.##.#
#....ZW@@..# ..
§§P§.PB###.# ..#
#§§≈≈≈.# #.# ...
#§§§§≈.#
#...g..... §Z≈§≈.#
#.##.#.###
§§§§≈≈.# #.# ..
?§P....# #.# .#
........ ... # #>.
∆


You could see Edmund, a phantom, a hound zombie (wandering), a centaur zombie
and a giant cockroach.

Vanquished Creatures
  Sigmund (D:4)
  A scorpion (D:4)
  An orc priest (D:4)
  An orc wizard (D:4)
  Ijyb (D:3)
  A scorpion zombie (D:4)
  2 adders (D:2)
  An adder zombie (D:4)
  2 dart slugs
  6 orcs (D:4)
  11 bats
  3 endoplasms
  4 giant cockroaches
  6 goblins
  5 hobgoblins
  A quokka (D:1)
  8 ball pythons
  2 frilled lizards (D:1)
  A jackal skeleton (D:4)
  7 kobolds
  A quokka zombie (D:4)
  5 rats
71 creatures vanquished.

Vanquished Creatures (collateral kills)
  An ogre (D:3)
1 creature vanquished.

Vanquished Creatures (others)
  4 withered plants (D:4)
4 creatures vanquished.

Grand Total: 76 creatures vanquished

Notes
Turn   | Place    | Note
-------+----------+-------------------------------------------
     0 | D:1      | MisterFreud the Gnoll Fighter began the quest for the Orb.
     0 | D:1      | Reached XP level 1. HP: 23/23 MP: 1/1
   124 | D:1      | You fall into a shaft and drop 1 floor!
   161 | D:2      | Reached XP level 2. HP: 28/29 MP: 2/2
   201 | D:2      | Found a faded altar of an unknown god.
   322 | D:2      | Became a worshipper of Nemelex Xobeh the Trickster
   322 | D:2      | Reached * piety under Nemelex Xobeh
   378 | D:2      | Received a gift from Nemelex Xobeh
   526 | D:2      | Reached XP level 3. HP: 34/35 MP: 3/3
   805 | D:2      | Reached skill level 1 in Invocations
  1429 | D:1      | Reached skill level 1 in Long Blades
  1429 | D:1      | Reached skill level 1 in Axes
  1429 | D:1      | Reached skill level 1 in Maces & Flails
  1429 | D:1      | Reached skill level 1 in Polearms
  1429 | D:1      | Reached skill level 1 in Staves
  1429 | D:1      | Reached skill level 1 in Slings
  1429 | D:1      | Reached skill level 1 in Bows
  1429 | D:1      | Reached skill level 1 in Crossbows
  1429 | D:1      | Reached skill level 1 in Throwing
  1429 | D:1      | Reached skill level 1 in Dodging
  1429 | D:1      | Reached skill level 1 in Stealth
  1429 | D:1      | Reached skill level 1 in Unarmed Combat
  1429 | D:1      | Reached skill level 1 in Spellcasting
  1429 | D:1      | Reached skill level 1 in Evocations
  1490 | D:1      | Reached ** piety under Nemelex Xobeh
  1606 | D:1      | Reached XP level 4. HP: 41/41 MP: 5/5
  1614 | D:1      | Received a gift from Nemelex Xobeh
  2063 | D:3      | Noticed an ogre
  2073 | D:3      | Killed an ogre
  2074 | D:3      | Reached skill level 1 in Conjurations
  2074 | D:3      | Reached skill level 1 in Hexes
  2074 | D:3      | Reached skill level 1 in Summonings
  2074 | D:3      | Reached skill level 1 in Necromancy
  2074 | D:3      | Reached skill level 1 in Translocations
  2074 | D:3      | Reached skill level 1 in Transmutations
  2074 | D:3      | Reached skill level 1 in Fire Magic
  2074 | D:3      | Reached skill level 1 in Ice Magic
  2074 | D:3      | Reached skill level 1 in Air Magic
  2074 | D:3      | Reached skill level 1 in Earth Magic
  2074 | D:3      | Reached skill level 1 in Poison Magic
  2074 | D:3      | Reached XP level 5. HP: 39/47 MP: 6/6
  2207 | D:3      | Noticed Ijyb
  2215 | D:3      | Killed Ijyb
  2799 | D:3      | Reached *** piety under Nemelex Xobeh
  2812 | D:4      | Noticed Sigmund
  2895 | D:4      | Killed Sigmund
  2896 | D:4      | Reached skill level 5 in Short Blades
  2896 | D:4      | Reached XP level 6. HP: 34/53 MP: 7/9
  2939 | D:4      | Reached XP level 7. HP: 27/59 MP: 10/10
  3040 | D:4      | Noticed Edmund
  3067 | D:4      | Slain by Edmund

Illustrated notes

Levels and vault maps discovered:
D:1:      matt_arrival_los_fun, layout_loops_ring, minmay_hedge_maze
D:2:      minmay_diamond_boxcup, layout_basic,
          hellmonk_ecumenical_altar_crossroads
D:3:      layout_loops_ring, minivault_19, uniq_ijyb
D:4:      layout_loops_cross, serial_undead, serial_undead_b, serial_undead_d,
          serial_undead_f, serial_undead_a, minmay_close_crescents,
          uniq_sigmund, uniq_edmund

Skill      XL: |  1  2  3  4  5 |
---------------+----------------+-----
Invocations    | 1 2 |  2.5
Long Blades    | 1 2 |  2.2
Axes           | 1 2 |  2.2
Maces & Flails | 1 2 |  2.2
Polearms       | 1 2 |  2.2
Staves         | 1 2 |  2.2
Slings         | 1 2 |  2.2
Bows           | 1 2 |  2.2
Crossbows      | 1 2 |  2.2
Throwing       | 1 2 |  2.2
Dodging        | 1 2 |  2.2
Stealth        | 1 2 |  2.2
Unarmed Combat | 1 2 |  2.2
Spellcasting   | 1 2 |  2.2
Evocations     | 1 2 |  2.2
Conjurations   | 1 |  1.8
Hexes          | 1 |  1.8
Summonings     | 1 |  1.8
Necromancy     | 1 |  1.8
Translocations | 1 |  1.8
Transmutations | 1 |  1.8
Fire Magic     | 1 |  1.8
Ice Magic      | 1 |  1.8
Air Magic      | 1 |  1.8
Earth Magic    | 1 |  1.8
Poison Magic   | 1 |  1.8
Short Blades   | 5 |  5.1
Fighting       | |  6.9
Armour         | |  6.9
Shields        | |  6.9

Action                   |  1- 3 |  4- 6 |  7- 9 || total
-------------------------+-------+-------+-------++-------
Melee: Rapier            |   110 |    98 |    20 ||   228
       Bite              |     8 |    10 |     2 ||    20
Invok: Draw Summoning    |       |     1 |       ||     1
       Draw Destruction  |       |     3 |     2 ||     5
  Use: Potion            |       |       |     1 ||     1
Armor: Scale mail        |    47 |    27 |     6 ||    80
Dodge: Dodged            |    32 |    27 |     3 ||    62
Block: Kite shield       |    55 |    49 |    10 ||   114
